 Dungeon Crawl Stone Soup version 0.27-a0-1219-g958d993ae5 (webtiles) character file.

Game seed: 15168887019529366950

877 sanka the Magician (level 8, -3/56 HPs)
             Began as a Djinni Artificer on June 6, 2021.
             Splashed by Pikel's acid (11 damage)
             ... on level 4 of the Dungeon.
             The game lasted 00:10:21 (7068 turns).

sanka the Magician (Djinni Artificer)               Turns: 7068, Time: 00:10:23

Health: -3/56      AC:  4    Str: 11    XL:     8   Next: 25%
Gold:   174        EV: 12    Int: 15    God:
                   SH:  0    Dex: 14

rFire    + . .     SeeInvis .   a - +1 hand axe (elec)
rCold    . . .     Faith    .   (no shield)
rNeg     . . .     Spirit   .   b - +0 leather armour
rPois    ∞         Reflect  .   n - +2 helmet
rElec    .         Harm     .   v - +1 cloak
rCorr    .         Rampage  .   (no gloves)
Will     .....                  (boots unavailable)
Stlth    +.........             (no amulet)
HPRegen  0.18/turn              x - ring of ice
MPRegen  0.00/turn              (no ring)

@: corroded, flying
A: sickness immunity, fire resistance 2, cold vulnerability 1, float, innate
caster, hp casting, extra vitality 1
a: no special abilities


You were on level 4 of the Dungeon.
You visited 1 branch of the dungeon, and saw 4 of its levels.

You collected 174 gold pieces.


Innate Abilities, Weirdness & Mutations

You are immune to sickness and miasma.
You are immune to poison.
Your flesh is very heat resistant. (rF++)
You are vulnerable to cold. (rC-)
You float through the air rather than walking.
You learn spells naturally, not from books.
Your magical power is your life essence.
You have superior vitality. (+4 HP)


   Skills:
 - Level 3.0 Fighting
 - Level 1.0 Armour
 - Level 2.1 Dodging
 - Level 0.7 Stealth
 + Level 6.2 Spellcasting
 - Level 3.0 Evocations


You had 13 spell levels left.
You knew the following spells:

 Your Spells              Type           Power      Damage    Failure   Level
x - Call Canine Familiar  Summ           23%        N/A       4%          3
y - Ensorcelled Hibernat  Hex/Ice        70%        N/A       2%          2
z - Sandblast             Erth           46%        2d11      1%          1
Your spell library was empty.

Inventory:

Hand Weapons
 a - a +1 hand axe of electrocution (weapon)
 o - a +0 morningstar
 w - a +3 quarterstaff of chaos
 y - a +1 halberd of protection
Missiles
 h - 52 stones
 p - 3 throwing nets {=f}
Armour
 b - a +0 leather armour (worn)
 n - a +2 helmet (worn)
 v - a +1 cloak (worn)
Magical Staves
 i - a staff of conjuration {!a}
 r - a staff of death
Jewellery
 x - a ring of ice (left hand)
Wands
 c - a wand of flame (5) (quivered)
 d - a wand of charming (13)
Scrolls
 f - a scroll of enchant weapon {unknown}
 j - a scroll of enchant armour {unknown}
 l - a scroll of identify {unknown}
 t - a scroll of amnesia {unknown}
Potions
 g - a potion of invisibility {unknown}
 k - a potion of curing {unknown}
 m - 2 potions of might {unknown}
 s - 2 potions of heal wounds {unknown}
 u - a potion of mutation {unknown}
 z - a potion of lignification {unknown}
Miscellaneous
 e - a piece from Xom's chessboard (11/15)

Dungeon Overview and Level Annotations

Branches:
Dungeon (4/15)
 Temple: D:4-7

Altars:

Shops:
D:3 !

Annotations:
D:4 Pikel

▒............▒▒...K.....))..
▒▒▒▒▒.▒▒▒▒▒▒.▒▒.▒▒▒.........
▒.▒.▒...<▒.▒▒...+.........
▒.▒.............▒...▒▒▒...
▒...............+...'.+...
▒.▒........▒▒▒▒.▒...▒▒▒...
▒.▒........▒..▒.▒...▒▒▒▒▒▒
▒.▒........▒..▒.▒▒▒......▒
▒.▒......R.▒..▒.▒ ▒.▒▒▒▒.▒
▒.▒...▒..K....▒.▒ ▒.▒ ▒..
▒.▒..........▒▒.▒ ▒.▒ ▒..
▒.▒▒▒▒▒.▒....▒▒.▒ ▒.▒ ▒..
▒▒▒...............▒ ▒.▒ ▒..
▒............▒▒▒▒▒▒▒▒.▒▒▒▒..
▒▒.▒▒▒▒▒▒▒▒.................
▒.▒▒▒▒▒▒▒▒▒▒▒▒▒▒▒▒▒▒.▒▒▒...
▒.▒................▒.▒▒▒...


You could see Pikel.


Message History

Pikel hits you with a +1 whip of flaming.
Pikel burns you.
You hit Pikel but do no damage.
Pikel is lightly wounded.
Pikel misses you.
You closely miss Pikel.
Pikel is lightly wounded.
Pikel closely misses you. Pikel closely misses you.
You closely miss Pikel.
Pikel is lightly wounded.
Pikel closely misses you.
You closely miss Pikel.
Pikel is lightly wounded.
Pikel hits you with a +1 whip of flaming.
You hit Pikel. Lightning courses through Pikel!
Pikel is heavily wounded.
Pikel barely misses you.
Pikel hits you with a +1 whip of flaming!
Pikel burns you.
You hit Pikel but do no damage. Lightning courses through Pikel!
Pikel is almost dead.
Pikel zaps a wand.
The bolt of acid hits you!!
* * * LOW HITPOINT WARNING * * *
The acid corrodes you!
You are splashed with acid!
You die...

Action                   |  1- 3 |  4- 6 |  7- 9 || total
-------------------------+-------+-------+-------++-------
Melee: Club              |   123 |       |       ||   123
       Short sword       |    47 |    36 |       ||    83
       Hand axe          |       |   101 |   107 ||   208
 Cast: Sandblast         |       |    26 |    18 ||    44
Evoke: Wand              |     3 |     5 |     4 ||    12
       Piece from Xom's  |       |       |     4 ||     4
 Stab: Sleeping          |     1 |     1 |     1 ||     3
       Petrified         |       |       |     3 ||     3
Armor: Leather armour    |    63 |    63 |    35 ||   161
Dodge: Dodged            |   128 |    86 |    76 ||   290

Levels and vault maps discovered:
D:1:      psy_arrival_terrarium, layout_rooms,
          shapermc_ecumenical_altar_mp_highgroup
D:2:      minmay_chambers_of_twos, layout_rooms, guppyfry_early_orc_mine
D:3:      layout_basic, serial_shops, shop_statue, uniq_natasha,
          uniq_crazy_yiuf_cottage, uniq_grinder, uniq_jessica
D:4:      layout_basic, uniq_pikel

Notes
Turn   | Place    | Note
-------+----------+-------------------------------------------
     0 | D:1      | sanka the Djinni Artificer began the quest for the Orb.
     0 | D:1      | Reached XP level 1. HP: 17/17 MP: 0/0
   242 | D:1      | Reached XP level 2. HP: 23/23 MP: 0/0
   245 | D:1      | Reached skill level 2 in Fighting
  1024 | D:1      | Reached XP level 3. HP: 29/29 MP: 0/0
  1024 | D:1      | Learned a level 1 spell: Sandblast
  1624 | D:1      | Found a faded altar of an unknown god.
  1767 | D:1      | Reached skill level 3 in Fighting
  1958 | D:1      | Reached skill level 1 in Spellcasting
  1958 | D:1      | Reached XP level 4. HP: 35/35 MP: 0/0
  2747 | D:2      | Reached skill level 2 in Spellcasting
  2930 | D:2      | Reached XP level 5. HP: 39/40 MP: 0/0
  2930 | D:2      | Learned a level 2 spell: Ensorcelled Hibernation
  3041 | D:3      | Noticed Jessica
  3053 | D:3      | Killed Jessica
  3121 | D:3      | Found Edulyosh's Distillery.
  3218 | D:3      | Noticed Natasha
  3223 | D:3      | Killed Natasha
  3287 | D:3      | Reached skill level 3 in Spellcasting
  3552 | D:3      | Reached XP level 6. HP: 41/46 MP: 0/0
  3928 | D:3      | Noticed Natasha
  3934 | D:3      | Killed Natasha
  4583 | D:3      | Reached skill level 4 in Spellcasting
  4584 | D:3      | Noticed Grinder
  4592 | D:3      | Killed Grinder
  4593 | D:3      | Reached XP level 7. HP: 37/50 MP: 0/0
  4593 | D:3      | Learned a level 3 spell: Call Canine Familiar
  4827 | D:3      | Found a runed translucent door.
  4828 | D:3      | Noticed Crazy Yiuf
  4835 | D:3      | Killed Crazy Yiuf
  4836 | D:3      | Reached skill level 5 in Spellcasting
  5023 | D:3      | Noticed Natasha
  5027 | D:3      | Killed Natasha
  5424 | D:4      | Reached XP level 8. HP: 53/56 MP: 0/0
  5530 | D:4      | Reached skill level 6 in Spellcasting
  6127 | D:4      | Noticed Pikel
  7068 | D:4      | Splashed by Pikel's acid

Vanquished Creatures
  Grinder (D:3)
  An ogre (D:4)
  2 lemures (D:4)
  2 scorpions (D:4)
  2 jellies
  A bullfrog skeleton (D:4)
  Crazy Yiuf (D:3)
  Jessica (D:3)
  An iguana (D:3)
  Natasha (thrice) (D:3)
  A hound skeleton (D:4)
  4 adders
  8 gnolls
  3 dart slugs
  5 orcs
  5 bats
  9 endoplasms
  5 giant cockroaches
  10 goblins
  13 hobgoblins
  9 jackals (D:1)
  2 quokkas (D:2)
  9 ball pythons
  3 frilled lizards
  5 kobolds
  A rat (D:1)
107 creatures vanquished.

Vanquished Creatures (others)
  A jackal (D:1)
  3 fungi (D:3)
4 creatures vanquished.

Grand Total: 111 creatures vanquished
